 Dungeon Crawl Stone Soup version 0.31-a0-765-g67fe2935dc (webtiles) character file.

Game seed: 1742621115252347247

4 LeprechaunX the Changeling (level 1, 0/13 HPs)
             Began as an Octopode Shapeshifter on Sept 15, 2023.
             Slain by a quokka (2 damage)
             ... on level 1 of the Dungeon.
             The game lasted 00:00:07 (120 turns).

LeprechaunX the Changeling (Octopode Shapeshifter)   Turns: 120, Time: 00:00:08

Health: 0/13       AC:  1    Str: 13    XL:     1   Next: 60%
Magic:  1/1        EV: 13    Int: 12    God:
Gold:   22         SH:  0    Dex: 11    Spells: 0/0 levels left

rFire   . .          .
                       - Unarmed
rCold   . . .        (no shield)
rNeg    . . .        (helmet currently unavailable)
rPois   .            (no amulet)
rElec   .            (no ring)
rCorr   .            (no ring)
SInv    .            (no ring)
Will    .....        (no ring)
Stlth   ++           (no ring)
HPRegen 0.22/turn    (no ring)
MPRegen 0.07/turn    (no ring)
                     (no ring)

%: no passive effects
@: beast-form
A: beast (slay +1), almost no armour, amphibious, 8 rings, camouflage 1,
gelatinous body 1, (nimble swimmer 1), tentacles
a: Begin Untransformation


You were on level 1 of the Dungeon.
You were a hulking beast.
You visited 1 branch of the dungeon, and saw 1 of its levels.

You collected 22 gold pieces.

Inventory:

Jewellery
 d - a ring of ice
Talismans
 b - a beast talisman (active)
 c - a flux talisman
Scrolls
 e - a scroll of revelation {unknown}
Potions
 a - a potion of lignification


   Skills:
 + Level 1.1 Fighting
 + Level 2.0 Dodging
 + Level 3.0 Unarmed Combat
 * Level 3.1 Shapeshifting


You couldn't memorise any spells.
You didn't know any spells.
Your spell library contained the following spells:

 Spells                   Type           Power      Damage    Failure   Level
 Summon Small Mammal      Summ           0%         N/A       32%         1
 Call Canine Familiar     Summ           0%         N/A       69%         3
 Summon Guardian Golem    Hex/Summ       0%         N/A       69%         3


Dungeon Overview and Level Annotations

Branches:
Dungeon (1/15)

Altars:


Innate Abilities, Weirdness & Mutations

You are a hulking beast.
Your limbs bulge with bestial killing power. (Slay +1)
You cannot wear most types of armour.
You are amphibious.
You can wear up to eight rings at the same time.
Your skin changes colour to match your surroundings (Stealth+).
Your rubbery body absorbs attacks. (AC +1, EV +1)
((You are camouflaged when in or above water. (Stealth+)))
You have tentacles for arms and can constrict up to eight enemies at once.


Message History

No target in view!
No target in view!
No target in view!
No target in view!
No target in view!
e - a scroll labelled PATRAS GOSTRAMM A quokka comes into view.
You see here a sedimented blue potion.
A quokka is nearby!
A quokka is nearby!
A quokka is nearby!
You miss the quokka. Your grab misses the quokka.
Your squeeze misses the quokka. The quokka bites you. x2
You tentacle-slap the quokka. Your grab misses the quokka.
The quokka is moderately wounded.
The quokka bites you.
You are too injured to fight recklessly!
You are too injured to fight recklessly!
You are too injured to fight recklessly!
You are too injured to fight recklessly!
You are too injured to fight recklessly!
You are too injured to fight recklessly!
You are too injured to fight recklessly!
You are too injured to fight recklessly!
You are too injured to fight recklessly!
You are too injured to fight recklessly!
A quokka is nearby!
A quokka is nearby!
You tentacle-slap the quokka. Your grab misses the quokka.
The quokka is almost dead.
The quokka closely misses you.
You completely miss the quokka. Your grab misses the quokka.
The quokka is almost dead.
The quokka bites you.
* * * LOW HITPOINT WARNING * * *
You tentacle-slap the quokka but do no damage.
Your grab misses the quokka.
The quokka is almost dead.
The quokka bites you.
You die...

.. #.........#
#...≈...≈.
.....#.......#
#.≈≈≈.≈≈≈.
#$#####......##
#.≈...§...
######.##.#
#.≈.#§§.≈≈
...........#
≈≈≈.#.≈...
#########!.#
#≈...#.§≈≈.
#######..#
#≈.#.#.§§≈.
.........#
#≈.#.#.#.≈≈
#######h.#
#.#... #r.#
#..# ...# .###
#. #. #.


You could see a quokka.

Vanquished Creatures
  An endoplasm (D:1)
  A giant cockroach (D:1)
  A quokka (D:1)
3 creatures vanquished.

Notes
Turn   | Place    | Note
-------+----------+-------------------------------------------
     0 | D:1      | LeprechaunX the Octopode Shapeshifter began the quest for
                  | the Orb.
     0 | D:1      | Reached XP level 1. HP: 13/13 MP: 1/1
   120 | D:1      | Slain by a quokka

Illustrated notes

Levels and vault maps discovered:
D:1:      psy_arrival_radial02, layout_loops_ring, minmay_tetromino_t4

Action                     || total
---------------------------++-------
  Melee: Unarmed           ||    11
         Tentacles         ||     3
         Constrict         ||     2
   Stab: Sleeping          ||     1
 Armour: Skin              ||     6
  Dodge: Dodged            ||     2

Table legend: (Time is in decaauts)
 A = Elapsed time spent in this place.
 B = Non-inter-level travel time spent in this place.
 C = Inter-level travel time spent in this place.
 D = Time resting spent in this place.
 E = Time spent auto-exploring this place.
 F = Levels seen in this place.
 G = Mean time per level.
                   A        B        C        D        E       F      G
               +--------+--------+--------+--------+--------+-----+--------+
         Total |    119 |    119 |      0 |      0 |     84 |   1 |  119.0 |
       Dungeon |    119 |    119 |      0 |      0 |     84 |   1 |  119.0 |
               +--------+--------+--------+--------+--------+-----+--------+

Top non-repeatable levels by time:
     D:1: 119 daAuts
